 Dungeon Crawl Stone Soup version 0.28-a0-589-g333b8329f1 (webtiles) character file.

Game seed: 474456395556525578

198 iamoutofideas the Chopper (level 5, -19/45 HPs)
             Began as a Hill Orc Gladiator on Oct 4, 2021.
             Demolished by an ogre (22 damage)
             ... on level 4 of the Dungeon.
             The game lasted 00:03:39 (3855 turns).

iamoutofideas the Chopper (Hill Orc Gladiator)      Turns: 3855, Time: 00:03:39

Health: -19/45     AC:  5    Str: 18    XL:     5   Next: 76%
Magic:  5/5        EV: 12    Int:  8    God:
Gold:   133        SH:  0    Dex: 12    Spells: 4/4 levels left

rFire   . . .      SeeInvis .   a - +0 war axe
rCold   . . .      Faith    .   (no shield)
rNeg    . . .      Spirit   .   b - +0 leather armour
rPois   .          Reflect  .   f - +2 hat
rElec   .          Harm     .   (no cloak)
rCorr   .          Rampage  .   (no gloves)
Will    .....                   (no boots)
Stlth   +.........              (no amulet)
HPRegen 0.15/turn               (no ring)
MPRegen 0.09/turn               (no ring)

@: hasted, very quick
A: no striking features
a: no special abilities


You were on level 4 of the Dungeon.
You visited 1 branch of the dungeon, and saw 4 of its levels.

You collected 133 gold pieces.

Inventory:

Hand Weapons
 a - a +0 war axe (weapon)
Missiles
 d - 3 throwing nets (quivered)
Armour
 b - a +0 leather armour (worn)
 c - a +0 helmet
 f - a +2 hat (worn)
 m - a +0 ring mail
 n - a +0 chain mail
Scrolls
 i - a scroll of blinking
Potions
 h - 4 potions of curing {unknown}
 j - a potion of mutation {unknown}
 k - a potion of flight {unknown}
 l - 2 potions of heal wounds {unknown}
 q - 2 potions of might
 r - a potion of degeneration {unknown}
 s - a potion of haste


   Skills:
 + Level 3.0 Fighting
 * Level 7.5 Axes
 - Level 1.7 Throwing
 - Level 0.7 Armour
 - Level 2.8 Dodging


You had 4 spell levels left.
You didn't know any spells.
Your spell library contained the following spells:

 Spells                   Type           Power      Damage    Failure   Level
 Corpse Rot               Necr/Air       N/A        N/A       61%         2
 Poisonous Vapours        Pois/Air       0%         N/A       61%         2
 Gell's Gravitas          Tloc           0%         N/A       83%         3
 Teleport Other           Tloc           0%         N/A       83%         3
 Dispersal                Tloc           0%         N/A       100%        6


Dungeon Overview and Level Annotations

Branches:
Dungeon (4/15)
 Temple: D:4-7

Altars:

Annotations:
D:3 2 transporters, pokedragonboy's ghost, amateur DECj


Message History

Items here: ) †††.
No target in view!
Found a fuming inky potion.
Items here: ) †††.
You now have 117 gold pieces (gained 14).
Items here: ) †††.
h - 4 fuming inky potions (gained 1)
You now have 133 gold pieces (gained 16).
Found a robe.
You see here a +0 robe.
An adder comes into view.
An adder is nearby!
You slash the adder!
The adder is almost dead.
The adder bites you but does no damage. The adder misses you.
An adder is nearby!
You hit the adder.
You kill the adder!
An ogre comes into view. It is wielding a +0 giant spiked club.
A kobold comes into view. It is wielding a +0 dagger.
The kobold shouts!
There are monsters nearby!
There are monsters nearby!
You hit the ogre.
The ogre is lightly wounded.
You slash the kobold!
You kill the kobold!
The ogre hits you with a +0 giant spiked club!!
Ouch! That really hurt!
You are too injured to fight recklessly!
You are too injured to fight recklessly!
You slash the ogre!
The ogre is heavily wounded.
The ogre hits you with a +0 giant spiked club!!
* * * LOW HITPOINT WARNING * * *
Okay, then.
An orc comes into view. It is wielding a +0 flail.
You feel yourself speed up.
The ogre hits you with a +0 giant spiked club!!
You die...

#..).# .#
#.# ..
#.####.##.#
#.........#
######.####
#..# #..##
#O..# #@#.#
#.#.# #.#.#
#.#.####.#
#........#
###.####.#
#.# #[# #.#
#.# #..


You could see an ogre.

Vanquished Creatures
  Natasha (thrice) (D:2)
  4 adders
  A worm (D:2)
  3 dart slugs
  An orc (D:4)
  6 ball pythons
  6 endoplasms
  5 giant cockroaches
  7 goblins
  6 hobgoblins
  9 jackals
  6 kobolds
  2 quokkas
  7 bats
  A frilled lizard (D:3)
  7 rats
74 creatures vanquished.

Vanquished Creatures (others)
  6 plants (D:3)
6 creatures vanquished.

Grand Total: 80 creatures vanquished

Notes
Turn   | Place    | Note
-------+----------+-------------------------------------------
     0 | D:1      | iamoutofideas the Hill Orc Gladiator began the quest for
                  | the Orb.
     0 | D:1      | Reached XP level 1. HP: 18/18 MP: 1/1
   195 | D:1      | Reached XP level 2. HP: 25/25 MP: 2/2
   700 | D:1      | Reached XP level 3. HP: 30/30 MP: 3/3
  1186 | D:2      | Reached skill level 5 in Axes
  1223 | D:2      | Found a faded altar of an unknown god.
  1347 | D:2      | Noticed Natasha
  1352 | D:2      | Killed Natasha
  1353 | D:2      | Reached XP level 4. HP: 27/37 MP: 4/4
  1729 | D:2      | Reached skill level 6 in Axes
  2245 | D:3      | Reached XP level 5. HP: 44/44 MP: 5/5
  2529 | D:3      | Found a transporter.
  2530 | D:3      | Found a transporter.
  2728 | D:3      | Noticed pokedragonboy's ghost (amateur DECj)
  2958 | D:2      | Noticed Natasha
  2969 | D:2      | Killed Natasha
  2970 | D:2      | Reached skill level 7 in Axes
  3495 | D:2      | Noticed Natasha
  3526 | D:2      | Killed Natasha
  3842 | D:4      | Noticed an ogre
  3848 | D:4      | HP: 2/45 [ogre (20)]
  3855 | D:4      | Demolished by an ogre

Illustrated notes

Levels and vault maps discovered:
D:1:      wander_arrival_peaceful_grave, layout_loops_ring,
          grunt_decor_one_mirror, minmay_statues_item
D:2:      layout_basic, basic_ecumenical_altar, uniq_natasha
D:3:      layout_basic, gammafunk_ghost_gnarly_gnolls, bh_walls_and_bars
D:4:      layout_loops_ring, minmay_temple_entry_purple_smoke, minmay_cut_off

Skill      XL: |  1  2  3  4  5 |
---------------+----------------+-----
Axes           | 5 6 7 |  7.5
Fighting       | 3 |  3.0
Throwing       | |  1.7
Armour         | |  0.7
Dodging        | |  2.8

Action                   |  1- 3 |  4- 6 || total
-------------------------+-------+-------++-------
Melee: War axe           |    85 |   119 ||   204
  Use: Scroll            |       |     8 ||     8
       Potion            |       |     1 ||     1
 Stab: Sleeping          |     1 |       ||     1
Armor: Leather armour    |    34 |    49 ||    83
Dodge: Dodged            |    57 |    87 ||   144

Table legend: (Time is in decaauts)
 A = Elapsed time spent in this place.
 B = Non-inter-level travel time spent in this place.
 C = Inter-level travel time spent in this place.
 D = Time resting spent in this place.
 E = Time spent auto-exploring this place.
 F = Levels seen in this place.
 G = Mean time per level.
                   A        B        C        D        E       F      G
               +--------+--------+--------+--------+--------+-----+--------+
         Total |   3897 |   3701 |    196 |    818 |   2145 |   4 |  974.2 |
       Dungeon |   3897 |   3701 |    196 |    818 |   2145 |   4 |  974.2 |
               +--------+--------+--------+--------+--------+-----+--------+

Top non-repeatable levels by time:
     D:2: 1723 daAuts
     D:1: 1020 daAuts
     D:3: 1014 daAuts
     D:4: 139 daAuts
